 Dungeon Crawl Stone Soup version 0.23-a0-844-gdc03e01 (console) character file.

30 bli the Cudgeler (level 3, 0/29 HPs)
             Began as a Formicid Abyssal Knight on Jan 26, 2019.
             Was a Follower of Lugonu.
             Slain by Natasha (4 damage)
             ... on level 2 of the Dungeon.
             The game lasted 00:03:37 (953 turns).

bli the Cudgeler (Formicid Abyssal Knight)           Turns: 953, Time: 00:03:38

Health: 0/29       AC:  3    Str: 16    XL:     3   Next: 37%
Magic:  4/4        EV: 11    Int: 11    God:    Lugonu [*.....]
Gold:   60         SH:  0    Dex: 11    Spells: 2/2 levels left

rFire    . . .     SeeInvis +   a - +1 mace
rCold    . . .     Gourm    .   (no shield)
rNeg     . . .     Faith    .   b - +0 leather armour
rPois    .         Spirit   .   (helmet unavailable)
rElec    .         Reflect  .   (no cloak)
rCorr    .         Harm     .   (no gloves)
MR       .....                  (no boots)
Stlth    +.........             (no amulet)
HPRegen  0.09/turn              (no ring)
MPRegen  0.09/turn              (no ring)

@: no status effects
A: permanent stasis, dig shafts and tunnels, four strong arms, antennae 3
a: Dig, Shaft Self, Depart the Abyss, Renounce Religion


You were on level 2 of the Dungeon.
You worshipped Lugonu.
Lugonu was aware of your devotion.
You were not hungry.

You visited 1 branch of the dungeon, and saw 2 of its levels.
You visited the Abyss 1 time.

You collected 60 gold pieces.

Inventory:

Hand Weapons
 a - a +1 mace (weapon)
Missiles
 e - 47 stones (quivered)
Armour
 b - a +0 leather armour (worn)
 k - a +0 ring mail
Scrolls
 d - 3 scrolls of enchant weapon {unknown}
 h - a scroll of identify {unknown}
 i - a scroll of magic mapping {unknown}
 j - a scroll of enchant armour {unknown}
Potions
 f - a potion of brilliance {unknown}
 g - a potion of cancellation {unknown}
Comestibles
 c - 3 rations


   Skills:
 - Level 3.2 Fighting
 + Level 3.5 Maces & Flails
 - Level 2.1 Armour
 - Level 1.0 Dodging
 - Level 2.1 Invocations


You had 2 spell levels left.
You didn't know any spells.
Your spell library was empty.

Dungeon Overview and Level Annotations

Branches:
Dungeon (2/15)

Altars:

Annotations:
D:2 Natasha


Innate Abilities, Weirdness & Mutations

You cannot be hasted, slowed, berserked, paralysed or teleported.
You can dig through walls and to a lower floor.
Your four strong arms can wield two-handed weapons with a shield.
You have a pair of large antennae on your head. (SInv)


Message History

Natasha shimmers violently.
Natasha claws you!
You hit Natasha.
Natasha is severely wounded.
Natasha barely misses you.
You hit Natasha but do no damage.
Natasha is severely wounded.
The kobold hits you.
Natasha casts a spell.
You hit Natasha but do no damage.
Natasha is severely wounded.
The kobold misses you. Natasha claws you.
* * * LOW HITPOINT WARNING * * *
The kobold barely misses you.
You barely miss Natasha.
Natasha is severely wounded.
The iron imp barely misses you. Natasha claws you.
* * * LOW HITPOINT WARNING * * *
The kobold closely misses you. The iron imp barely misses you.
Natasha claws you.
You die...

....#. ....#.
......###
......## .#
.......#.#
#.#.#..?##
#.h.##...#####
#K@.#........
##5(#........
##..........
#..<.......
#.....<.###.####
#.####..# #
..### ##. ##


You could see an iron imp, Natasha and a kobold.

Vanquished Creatures
  A dart slug (D:1)
  3 bats (D:1)
  2 giant cockroaches (D:1)
  6 goblins (D:1)
  A hobgoblin (D:1)
  8 kobolds (D:1)
  A frilled lizard (D:1)
  2 rats (D:1)
24 creatures vanquished.

Notes
Turn   | Place    | Note
-------+----------+-------------------------------------------
     0 | Abyss:1  | bli the Formicid Abyssal Knight began the quest for the
                  | Orb.
     0 | Abyss:1  | Reached XP level 1. HP: 18/18 MP: 2/2
    13 | Abyss:1  | Found a corrupted altar of Lugonu.
    36 | Abyss:1  | Noticed a yaktaur
    64 | D:1      | Escaped the Abyss
   135 | D:1      | Reached XP level 2. HP: 16/24 MP: 3/3
   271 | D:1      | Reached * piety under Lugonu
   297 | D:1      | HP: 1/24 [goblin/stone (2)]
   302 | D:1      | Reached XP level 3. HP: 1/29 MP: 4/4
   895 | D:1      | Reached skill level 1 in Dodging
   943 | D:2      | Noticed Natasha
   953 | D:2      | Slain by Natasha

Vault maps used:
D:1:      eino_arrival_druids_welcome
D:2:      yredelemnul_forgotten_temple_becter, lemuel_round_altar, first_ration,
          minmay_circle_x, uniq_natasha

Skill      XL: |  1  2  3 |
---------------+----------+-----
Maces & Flails | 3 |  3.5
Dodging        | 1 |  1.0
Fighting       | |  3.2
Armour         | |  2.1
Invocations    | |  2.1

Action                   || total
-------------------------++-------
Melee: Mace              ||    67
Invok: Depart the Abyss  ||     1
 Abil: Dig               ||     2
Armor: Leather armour    ||    15
Dodge: Dodged            ||    50

Table legend:
 A = Non-vault XP
 B = Vault XP
 C = Vault XP percentage of total XP
 D = Non-vault monster count
 E = Vault monster count
 F = Vault count percentage of total count
                 A         B        C        D         E       F
            +---------+---------+-------+---------+---------+-------
      Total |      44 |       0 |   0.0 |      24 |       0 |   0.0
            +---------+---------+-------+---------+---------+-------
        D:1 |      44 |       0 |   0.0 |      24 |       0 |   0.0
            +---------+---------+-------+---------+---------+-------
